Long Beach Ice Dogs vs Havana Tropicals
Created - Saturday, February 22, 2025 at 08:27
Goals
|
| Long Beach Ice Dogs |
1 |
2 |
2 |
5 |
| Havana Tropicals |
2 |
2 |
2 |
6 |
|
Shots
|
| Long Beach Ice Dogs |
9 |
14 |
23 |
46 |
| Havana Tropicals |
17 |
9 |
17 |
43 |
|
1st period
1. Havana Tropicals , Sam Gagner 9 (Darren Raddysh 6, Emil Bemstrom 12) at 1:22 (PP)
2. Havana Tropicals , Pavel Dorofeyev 9 (Alexander Nylander 16) at 16:49
3. Long Beach Ice Dogs , Blake Lizotte 11 (Jimmy Vesey 20, Trey Fix-Wolansky 6) at 16:59
Penalties :
Jack Finley (TRM) for Slashing (Minor) at 0:58, Tyler Tullio (TRM) for Roughing (Minor) at 2:21, Zach Whitecloud (HAV) for Goalie Interference (Minor) at 10:20, Dennis Cholowski (HAV) for Fighting (Major) at 12:52, Matej Blumel (TRM) for Fighting (Major) at 12:52, Alexander Nylander (HAV) for Holding (Minor) at 19:07, William Lagesson (TRM) for Tripping (Minor) at 19:53
2nd period
4. Long Beach Ice Dogs , Jimmy Vesey 13 (Alex Goligoski 15) at 0:26
5. Long Beach Ice Dogs , Arshdeep Bains 12 (Lias Andersson 11) at 2:23 (PP)
6. Havana Tropicals , Alexander Nylander 13 (Nicklas Backstrom 13) at 3:01
7. Havana Tropicals , Pavel Dorofeyev 10 (Alexander Nylander 17, Nicklas Backstrom 14) at 16:42 (PP)
Penalties :
Timothy Liljegren (HAV) for Slashing (Minor) at 2:21, Matt Grzelcyk (HAV) for Hooking (Minor) at 11:25, Matej Blumel (TRM) for Cross-checking (Minor) at 13:50, Yan Kuznetsov (TRM) for Slashing (Minor) at 16:34
3rd period
8. Havana Tropicals , Jakub Vrana 7 (Timothy Liljegren 11, Zach Aston-Reese 4) at 0:48
9. Havana Tropicals , Nick Abruzzese 2 (Matt Grzelcyk 5, Darren Raddysh 7) at 13:45
10. Long Beach Ice Dogs , Blake Lizotte 12 (Arber Xhekaj 6, Alex Goligoski 16) at 16:31
11. Long Beach Ice Dogs , Trey Fix-Wolansky 9 (Blake Lizotte 15, Jimmy Vesey 21) at 17:07
Penalties :
Nicklas Backstrom (HAV) for Tripping (Minor) at 1:00, Zach Aston-Reese (HAV) for Cross-checking (Minor) at 7:18, Dennis Cholowski (HAV) for Fighting (Major) at 15:08, Yan Kuznetsov (TRM) for Fighting (Major) at 15:08, Nicklas Backstrom (HAV) for High sticking (Minor) at 18:51
Goalie Stats
Akira Schmid (TRM), 37 saves from 43 shots - (0.860), L, 7-4-0, 58:31 minutes
Arvid Soderblom (HAV), 41 saves from 46 shots - (0.891), W, 11-5-0, 60:00 minutes
Players Stats for Long Beach Ice Dogs
Player Name G A P +/- PIM S H SB GA TA FO MP PP MP PK MP
------------------------------------------------------------------------------------
0 0 0 0 0 0 0 0 0 0 0/0 0:00 0:00 0:00
Alex Goligoski 0 2 2 2 0 2 0 3 0 1 0/0 22:58 5:07 2:37
Antti Tuomisto 0 0 0 0 0 3 1 0 0 0 0/0 16:17 0:25 0:04
Arber Xhekaj 0 1 1 2 0 2 3 1 0 0 0/0 22:58 5:07 2:37
Arshdeep Bains 1 0 1 -2 0 6 1 2 1 1 2/7 20:58 4:40 2:32
Blake Lizotte 2 1 3 4 0 7 2 1 0 1 10/23 21:28 4:59 2:39
Jack Finley 0 0 0 0 2 1 0 0 1 0 6/15 11:58 0:00 0:00
Jimmy Vesey 1 2 3 4 0 2 3 0 5 1 0/4 21:28 4:59 2:39
Leo Loof 0 0 0 0 0 3 0 0 0 0 0/0 13:57 0:00 0:16
Lias Andersson 0 1 1 -2 0 6 3 1 0 1 7/20 20:58 4:40 2:32
Marco Kasper 0 0 0 -2 0 1 0 0 0 1 0/0 6:09 0:14 0:00
Matej Blumel 0 0 0 0 7 3 1 0 0 0 0/0 11:03 0:00 0:00
Noah Philp 0 0 0 -2 0 2 0 0 0 0 0/0 5:42 0:13 0:00
Samuel Poulin 0 0 0 -2 0 4 1 0 0 0 3/6 16:06 0:00 0:05
Shane Bowers 0 0 0 0 0 1 1 0 0 0 0/1 1:29 0:06 0:05
Trey Fix-Wolansky 1 1 2 3 0 3 4 0 0 0 2/4 18:14 4:59 0:00
Tyler Tullio 0 0 0 -2 2 0 1 0 0 1 0/2 17:53 4:46 0:00
William Lagesson 0 0 0 -2 2 0 1 1 1 2 0/0 22:14 4:44 2:27
Yan Kuznetsov 0 0 0 -2 7 0 0 1 0 0 0/0 21:34 4:20 2:31
Players Stats for Havana Tropicals
Player Name G A P +/- PIM S H SB GA TA FO MP PP MP PK MP
------------------------------------------------------------------------------------
0 0 0 0 0 0 0 0 0 0 0/0 0:00 0:00 0:00
Aidan McDonough 0 0 0 -1 0 0 0 0 0 0 1/1 2:02 0:09 0:23
Alexander Nylander 1 2 3 -1 2 10 3 0 0 0 3/3 24:01 2:34 4:15
Darren Raddysh 0 2 2 0 0 3 0 2 0 2 0/0 24:33 2:41 4:42
Dennis Cholowski 0 0 0 0 10 0 0 0 0 1 0/0 8:55 0:00 0:23
Elmer Soderblom 0 0 0 -1 0 0 0 0 0 0 3/8 5:37 0:00 0:00
Emil Bemstrom 0 1 1 0 0 5 2 2 2 0 0/0 20:36 2:33 4:36
Jakub Vrana 1 0 1 2 0 5 0 0 0 1 0/0 14:58 0:00 2:11
Matt Grzelcyk 0 1 1 -1 2 2 3 0 1 1 0/0 20:51 2:41 3:41
Mattias Norlinder 0 0 0 1 0 0 0 1 0 0 0/0 13:40 0:00 1:50
Nick Abruzzese 1 0 1 2 0 2 2 1 0 0 9/14 12:15 0:00 0:00
Nicklas Backstrom 0 2 2 -1 4 1 2 0 0 2 22/29 19:22 2:34 3:22
Pavel Dorofeyev 2 0 2 0 0 3 1 0 2 0 7/12 20:15 2:34 4:38
Sam Gagner 1 0 1 0 0 4 1 0 0 0 7/14 15:39 2:33 0:19
Samuel Blais 0 0 0 2 0 1 0 1 1 0 0/1 12:24 0:09 0:00
Sasha Pastujov 0 0 0 -1 0 0 0 0 0 0 0/0 5:37 0:00 0:00
Timothy Liljegren 0 1 1 0 2 4 0 2 1 1 0/0 26:45 2:35 5:10
Zach Aston-Reese 0 1 1 0 2 1 1 0 0 0 0/0 15:36 2:42 0:00
Zach Whitecloud 0 0 0 0 2 2 1 9 2 0 0/0 25:40 2:35 3:58
3 Stars
1 - Blake Lizotte (TRM)
2 - Jimmy Vesey (TRM)
3 - Trey Fix-Wolansky (TRM)
Power Play
Long Beach Ice Dogs - 1 on 7 Attempt(s) - 14.29%
Havana Tropicals - 2 on 5 Attempt(s) - 40.00%
Penalty Kill
Long Beach Ice Dogs - 3 on 5 Attempt(s) - 60.00%
- Score 0 goal in Penalty Kill
Havana Tropicals - 6 on 7 Attempt(s) - 85.71%
- Score 0 goal in Penalty Kill
Team Stat
Long Beach Ice Dogs - Hits : 22 - Faceoff Wins : 30 - Blocked Shots : 10 - Penalty Minutes : 20
Havana Tropicals - Hits : 16 - Faceoff Wins : 52 - Blocked Shots : 18 - Penalty Minutes : 24
Official
Referees : Morgan Macphee and Garrett Rank
Linesman : Matt MacPherson and Andrew Smith
Game Notes
Dennis Cholowski and Matej Blumel fight to a draw at 12:52 of 1st period
5:27 of 2nd period - Long Beach Ice Dogs goal is going for a video replay. After video review, No Goal. The puck has entered the net after making contact with an attacking player’s stick that is above the height of the crossbar.
Dennis Cholowski and Yan Kuznetsov fight to a draw at 15:08 of 3rd period
Long Beach Ice Dogs
5 vs 5 Forward
Center Left Wing Right Wing Time % Phy DF OF
1 Blake Lizotte Jimmy Vesey Trey Fix-Wolansky 30 1 2 2
2 Lias Andersson Arshdeep Bains Tyler Tullio 30 1 2 2
3 Jack Finley Matej Blumel Samuel Poulin 25 1 2 2
4 Samuel Poulin Marco Kasper Noah Philp 15 1 2 2
5 vs 5 Defense
Defense Defense Time % Phy DF OF
1 Alex Goligoski Arber Xhekaj 35 1 2 2
2 William Lagesson Yan Kuznetsov 35 1 2 2
3 Antti Tuomisto Leo Loof 30 1 2 2
4 Alex Goligoski Arber Xhekaj 0 1 2 2
PowerPlay Forward
Center Left Wing Right Wing Time % Phy DF OF
1 Blake Lizotte Jimmy Vesey Trey Fix-Wolansky 50 1 2 2
2 Lias Andersson Arshdeep Bains Tyler Tullio 50 1 2 2
PowerPlay Defense
Defense Defense Time % Phy DF OF
1 Alex Goligoski Arber Xhekaj 50 1 2 2
2 William Lagesson Yan Kuznetsov 50 1 2 2
Penalty Kill 4 Players Forward
Center Wing Time % Phy DF OF
1 Jimmy Vesey Blake Lizotte 50 1 2 2
2 Arshdeep Bains Lias Andersson 50 1 2 2
Penalty Kill 4 Players Defense
Defense Defense Time % Phy DF OF
1 Alex Goligoski Arber Xhekaj 50 1 2 2
2 William Lagesson Yan Kuznetsov 50 1 2 2
Penalty Kill - 3 Players Forward
Forward Time % Phy DF OF
1 Jimmy Vesey 50 1 2 2
2 Blake Lizotte 50 1 2 2
Penalty Kill - 3 Players Defense
Defense Defense Time % Phy DF OF
1 Alex Goligoski Arber Xhekaj 50 1 2 2
2 William Lagesson Yan Kuznetsov 50 1 2 2
4 vs 4 Forward
Center Wing Time % Phy DF OF
1 Jimmy Vesey Blake Lizotte 50 1 2 2
2 Arshdeep Bains Lias Andersson 50 1 2 2
4 vs 4 Defense
Defense Defense Time % Phy DF OF
1 Alex Goligoski Arber Xhekaj 50 1 2 2
2 William Lagesson Yan Kuznetsov 50 1 2 2
Last Minutes Offensive
Center Left Wing Right Wing Defense Defense
Blake Lizotte Jimmy Vesey Trey Fix-Wolansky Alex Goligoski Arber Xhekaj
Last Minutes Defensive
Center Left Wing Right Wing Defense Defense
Blake Lizotte Jimmy Vesey Trey Fix-Wolansky Alex Goligoski Arber Xhekaj
Goaltenders
Starting : Akira Schmid
Backup : Unknown Goalie
Extra Forwards
Normal : Marco Kasper, Noah Philp, Shane Bowers - PP : Marco Kasper, Noah Philp - PK : Shane Bowers
Extra Defensemen
Normal : Antti Tuomisto, Leo Loof, William Lagesson - PP : Antti Tuomisto - PK : Leo Loof, William Lagesson
Penalty Shots
Jimmy Vesey, Blake Lizotte, Arshdeep Bains, Lias Andersson, Jack Finley
Scratches
Michael DiPietro (Healthy), Jack Campbell (Healthy)
Havana Tropicals
5 vs 5 Forward
Center Left Wing Right Wing Time % Phy DF OF
1 Nicklas Backstrom Alexander Nylander Pavel Dorofeyev 30 1 2 2
2 Sam Gagner Emil Bemstrom Zach Aston-Reese 30 1 2 2
3 Nick Abruzzese Jakub Vrana Samuel Blais 25 1 2 2
4 Elmer Soderblom Sasha Pastujov Alexander Nylander 15 1 2 2
5 vs 5 Defense
Defense Defense Time % Phy DF OF
1 Timothy Liljegren Zach Whitecloud 30 1 2 2
2 Darren Raddysh Matt Grzelcyk 30 1 2 2
3 Dennis Cholowski Mattias Norlinder 25 1 2 2
4 Timothy Liljegren Zach Whitecloud 15 1 2 2
PowerPlay Forward
Center Left Wing Right Wing Time % Phy DF OF
1 Nicklas Backstrom Alexander Nylander Pavel Dorofeyev 50 1 2 2
2 Sam Gagner Emil Bemstrom Zach Aston-Reese 50 1 2 2
PowerPlay Defense
Defense Defense Time % Phy DF OF
1 Timothy Liljegren Zach Whitecloud 50 1 2 2
2 Darren Raddysh Matt Grzelcyk 50 1 2 2
Penalty Kill 4 Players Forward
Center Wing Time % Phy DF OF
1 Alexander Nylander Nicklas Backstrom 50 1 2 2
2 Pavel Dorofeyev Emil Bemstrom 50 1 2 2
Penalty Kill 4 Players Defense
Defense Defense Time % Phy DF OF
1 Timothy Liljegren Zach Whitecloud 50 1 2 2
2 Darren Raddysh Matt Grzelcyk 50 1 2 2
Penalty Kill - 3 Players Forward
Forward Time % Phy DF OF
1 Alexander Nylander 50 1 2 2
2 Nicklas Backstrom 50 1 2 2
Penalty Kill - 3 Players Defense
Defense Defense Time % Phy DF OF
1 Timothy Liljegren Zach Whitecloud 50 1 2 2
2 Darren Raddysh Matt Grzelcyk 50 1 2 2
4 vs 4 Forward
Center Wing Time % Phy DF OF
1 Alexander Nylander Nicklas Backstrom 50 1 2 2
2 Pavel Dorofeyev Emil Bemstrom 50 1 2 2
4 vs 4 Defense
Defense Defense Time % Phy DF OF
1 Timothy Liljegren Zach Whitecloud 50 1 2 2
2 Darren Raddysh Matt Grzelcyk 50 1 2 2
Last Minutes Offensive
Center Left Wing Right Wing Defense Defense
Nicklas Backstrom Alexander Nylander Pavel Dorofeyev Timothy Liljegren Zach Whitecloud
Last Minutes Defensive
Center Left Wing Right Wing Defense Defense
Nicklas Backstrom Alexander Nylander Pavel Dorofeyev Timothy Liljegren Zach Whitecloud
Goaltenders
Starting : Arvid Soderblom
Backup : Devin Cooley
Extra Forwards
Normal : Aidan McDonough, Samuel Blais, Jakub Vrana - PP : Aidan McDonough, Samuel Blais - PK : Jakub Vrana
Extra Defensemen
Normal : Dennis Cholowski, Mattias Norlinder, Darren Raddysh - PP : Dennis Cholowski - PK : Mattias Norlinder, Darren Raddysh
Penalty Shots
Alexander Nylander, Nicklas Backstrom, Pavel Dorofeyev, Emil Bemstrom, Zach Aston-Reese
Scratches
Nolan Foote (Healthy), Dmitri Kuzmin (Healthy), Ryan McAllister (Healthy), Dylan Wells (Healthy)
% Time on Ice - Long Beach Ice Dogs
Lines # - Real PCT - Wanted PCT - Time Play
Normal Forward
1 - 30% - 30% - 13:11
2 - 31% - 30% - 13:29
3 - 27% - 25% - 11:59
4 - 11% - 15% - 4:56
Normal Defense
1 - 34% - 35% - 14:52
2 - 35% - 35% - 15:03
3 - 31% - 30% - 13:40
4 - 0% - 0% - 0:00
PP Forward
1 - 51% - 50% - 4:59
2 - 49% - 50% - 4:53
PP Defense
1 - 52% - 50% - 5:07
2 - 48% - 50% - 4:45
PK Forward
1 - 50% - 50% - 2:39
2 - 50% - 50% - 2:37
PK Defense
1 - 50% - 50% - 2:37
2 - 50% - 50% - 2:39
PK3 Forward
1 - 0% - 50%
2 - 0% - 50%
PK3 Defense
1 - 0% - 50%
2 - 0% - 50%
44 Forward
1 - 48% - 50% - 0:35
2 - 52% - 50% - 0:38
44 Defense
1 - 25% - 50% - 0:18
2 - 75% - 50% - 0:55
Last Minute Offensive - 0:04
Last Minute Defensive - 0:00
Total
Forward - 60:00
Defense - 60:00
|
% Time on Ice - Havana Tropicals
Lines # - Real PCT - Wanted PCT - Time Play
Normal Forward
1 - 29% - 30% - 12:46
2 - 30% - 30% - 12:57
3 - 28% - 25% - 12:15
4 - 13% - 15% - 5:37
Normal Defense
1 - 30% - 30% - 13:04
2 - 31% - 30% - 13:30
3 - 27% - 25% - 11:50
4 - 12% - 15% - 5:11
PP Forward
1 - 49% - 50% - 2:34
2 - 51% - 50% - 2:42
PP Defense
1 - 49% - 50% - 2:35
2 - 51% - 50% - 2:41
PK Forward
1 - 51% - 50% - 5:02
2 - 49% - 50% - 4:50
PK Defense
1 - 52% - 50% - 5:10
2 - 48% - 50% - 4:42
PK3 Forward
1 - 0% - 50%
2 - 0% - 50%
PK3 Defense
1 - 0% - 50%
2 - 0% - 50%
44 Forward
1 - 52% - 50% - 0:38
2 - 48% - 50% - 0:35
44 Defense
1 - 25% - 50% - 0:18
2 - 75% - 50% - 0:55
Last Minute Offensive - 0:00
Last Minute Defensive - 0:04
Total
Forward - 60:00
Defense - 60:00
|
Play-by-Play
1st period
0:01 of 1st period - Nicklas Backstrom wins face-off versus Blake Lizotte in neutral zone.
0:56 of 1st period - Snap shot by Samuel Blais.
0:56 of 1st period - Shot Misses the Net.
0:58 of 1st period - Minor Penalty to Jack Finley for Slashing.
0:59 of 1st period - Nicklas Backstrom wins face-off versus Jimmy Vesey in Long Beach Ice Dogs zone.
1:00 of 1st period - Wrist shot by Alexander Nylander.
1:00 of 1st period - Shot Misses the Net.
1:02 of 1st period - Slapshot by Alexander Nylander.
1:02 of 1st period - Stopped by Akira Schmid with a rebound.
1:04 of 1st period - Slapshot by Timothy Liljegren.
1:04 of 1st period - Stopped by Akira Schmid with a rebound.
1:12 of 1st period - Wrist shot by Pavel Dorofeyev.
1:12 of 1st period - Deflect By Alexander Nylander.
1:12 of 1st period - Shot Blocked by Arber Xhekaj.
1:12 of 1st period - Puck is out of play.
1:13 of 1st period - Sam Gagner wins face-off versus Arshdeep Bains in Long Beach Ice Dogs zone.
1:14 of 1st period - Snap shot by Emil Bemstrom.
1:14 of 1st period - Deflect By Sam Gagner.
1:14 of 1st period - Stopped by Akira Schmid with a rebound.
1:16 of 1st period - Slapshot by Darren Raddysh.
1:16 of 1st period - Shot Blocked by William Lagesson.
1:18 of 1st period - Slapshot by Darren Raddysh.
1:18 of 1st period - Shot Misses the Net.
1:20 of 1st period - Snap shot by Darren Raddysh.
1:20 of 1st period - Shot Misses the Net.
1:22 of 1st period - Snap shot by Sam Gagner.
1:22 of 1st period - Goal by Sam Gagner - Long Beach Ice Dogs : 0 - Havana Tropicals : 1.
1:23 of 1st period - Elmer Soderblom wins face-off versus Samuel Poulin in neutral zone.
1:56 of 1st period - Slapshot by Jimmy Vesey.
1:56 of 1st period - Shot Blocked by Emil Bemstrom.
2:13 of 1st period - Icing by Lias Andersson.
2:14 of 1st period - Nicklas Backstrom wins face-off versus Lias Andersson in Long Beach Ice Dogs zone.
2:19 of 1st period - Wrist shot by Alexander Nylander.
2:19 of 1st period - Shot Blocked by Yan Kuznetsov.
2:21 of 1st period - Minor Penalty to Tyler Tullio for Roughing.
2:22 of 1st period - Sam Gagner wins face-off versus Arshdeep Bains in Long Beach Ice Dogs zone.
4:21 of 1st period - Penalty to Tyler Tullio is over, Tyler Tullio is back on ice.
4:27 of 1st period - Alex Goligoski is hit by Nick Abruzzese and loses puck.
4:48 of 1st period - Snap shot by Lias Andersson.
4:48 of 1st period - Shot Misses the Net.
4:50 of 1st period - Snap shot by Lias Andersson.
4:50 of 1st period - Stopped by Arvid Soderblom without a rebound.
4:51 of 1st period - Alexander Nylander wins face-off versus Jack Finley in Havana Tropicals zone.
4:51 of 1st period - Alexander Nylander is hit by Samuel Poulin.
4:59 of 1st period - Wrist shot by Alexander Nylander.
4:59 of 1st period - Stopped by Akira Schmid without a rebound.
5:00 of 1st period - Elmer Soderblom wins face-off versus Jack Finley in Long Beach Ice Dogs zone.
5:12 of 1st period - Snap shot by Alexander Nylander.
5:12 of 1st period - Stopped by Akira Schmid with a rebound.
5:34 of 1st period - Snap shot by Samuel Poulin.
5:34 of 1st period - Shot Misses the Net.
7:31 of 1st period - Snap shot by Jakub Vrana.
7:31 of 1st period - Stopped by Akira Schmid with a rebound.
7:33 of 1st period - Wrist shot by Jakub Vrana.
7:33 of 1st period - Stopped by Akira Schmid without a rebound.
7:34 of 1st period - Lias Andersson wins face-off versus Nick Abruzzese in Long Beach Ice Dogs zone.
7:45 of 1st period - Snap shot by Samuel Blais.
7:45 of 1st period - Shot Blocked by Lias Andersson.
7:47 of 1st period - Wrist shot by Jakub Vrana.
7:47 of 1st period - Shot Misses the Net.
7:49 of 1st period - Snap shot by Nick Abruzzese.
7:49 of 1st period - Shot Misses the Net.
8:06 of 1st period - Wrist shot by Blake Lizotte.
8:06 of 1st period - Stopped by Arvid Soderblom without a rebound.
8:07 of 1st period - Blake Lizotte wins face-off versus Nicklas Backstrom in Havana Tropicals zone.
8:22 of 1st period - William Lagesson is hit by Alexander Nylander and loses puck.
8:43 of 1st period - Snap shot by Emil Bemstrom.
8:43 of 1st period - Shot Blocked by Arshdeep Bains.
9:37 of 1st period - Darren Raddysh is hit by Matej Blumel and loses puck.
9:49 of 1st period - Off-side.
9:50 of 1st period - Lias Andersson wins face-off versus Nicklas Backstrom in neutral zone.
9:53 of 1st period - Snap shot by Lias Andersson.
9:53 of 1st period - Shot Blocked by Zach Whitecloud.
9:55 of 1st period - Wrist shot by Lias Andersson.
9:55 of 1st period - Shot Misses the Net.
9:57 of 1st period - Wrist shot by Lias Andersson.
9:57 of 1st period - Stopped by Arvid Soderblom with a rebound.
9:59 of 1st period - Snap shot by Lias Andersson.
9:59 of 1st period - Stopped by Arvid Soderblom with a rebound.
10:01 of 1st period - Snap shot by Arshdeep Bains.
10:01 of 1st period - Stopped by Arvid Soderblom with a rebound.
10:05 of 1st period - Wrist shot by Arshdeep Bains.
10:05 of 1st period - Stopped by Arvid Soderblom with a rebound.
10:20 of 1st period - Minor Penalty to Zach Whitecloud for Goalie Interference.
10:21 of 1st period - Pavel Dorofeyev wins face-off versus Blake Lizotte in Havana Tropicals zone.
10:36 of 1st period - Slapshot by Blake Lizotte.
10:36 of 1st period - Deflect By Timothy Liljegren.
10:36 of 1st period - Stopped by Arvid Soderblom without a rebound.
10:37 of 1st period - Pavel Dorofeyev wins face-off versus Lias Andersson in Havana Tropicals zone.
10:37 of 1st period - Pavel Dorofeyev is hit by Lias Andersson.
11:54 of 1st period - Snap shot by Nicklas Backstrom.
11:54 of 1st period - Stopped by Akira Schmid with a rebound.
12:02 of 1st period - Mattias Norlinder is hit by Lias Andersson and loses puck.
12:20 of 1st period - Penalty to Zach Whitecloud is over, Zach Whitecloud is back on ice.
12:51 of 1st period - Off-side.
12:52 of 1st period - Nick Abruzzese wins face-off versus Jack Finley in neutral zone.
12:52 of 1st period - Dennis Cholowski and Matej Blumel fight to a draw.
12:52 of 1st period - Penalty to Dennis Cholowski for Fighting.
12:52 of 1st period - Penalty to Matej Blumel for Fighting.
12:53 of 1st period - Blake Lizotte wins face-off versus Nicklas Backstrom in neutral zone.
13:05 of 1st period - Slapshot by Alexander Nylander.
13:05 of 1st period - Stopped by Akira Schmid with a rebound.
13:07 of 1st period - Slapshot by Timothy Liljegren.
13:07 of 1st period - Deflect By Alex Goligoski.
13:07 of 1st period - Stopped by Akira Schmid with a rebound.
13:19 of 1st period - Zach Whitecloud is hit by Tyler Tullio and loses puck.
13:32 of 1st period - Icing by Timothy Liljegren.
13:33 of 1st period - Jack Finley wins face-off versus Sam Gagner in Havana Tropicals zone.
14:49 of 1st period - Samuel Poulin is hit by Matt Grzelcyk and loses puck.
15:13 of 1st period - Blake Lizotte is hit by Nick Abruzzese and loses puck.
15:26 of 1st period - Darren Raddysh is hit by Arber Xhekaj.
16:02 of 1st period - Samuel Poulin is hit by Zach Aston-Reese and loses puck.
16:35 of 1st period - Icing by Blake Lizotte.
16:36 of 1st period - Nicklas Backstrom wins face-off versus Blake Lizotte in Long Beach Ice Dogs zone.
16:41 of 1st period - Snap shot by Alexander Nylander.
16:41 of 1st period - Stopped by Akira Schmid without a rebound.
16:42 of 1st period - Lias Andersson wins face-off versus Nicklas Backstrom in Long Beach Ice Dogs zone.
16:49 of 1st period - Snap shot by Pavel Dorofeyev.
16:49 of 1st period - Goal by Pavel Dorofeyev - Long Beach Ice Dogs : 0 - Havana Tropicals : 2.
16:50 of 1st period - Blake Lizotte wins face-off versus Nicklas Backstrom in neutral zone.
16:59 of 1st period - Snap shot by Blake Lizotte.
16:59 of 1st period - Goal by Blake Lizotte - Long Beach Ice Dogs : 1 - Havana Tropicals : 2.
17:00 of 1st period - Nicklas Backstrom wins face-off versus Samuel Poulin in neutral zone.
17:14 of 1st period - Snap shot by Samuel Poulin.
17:14 of 1st period - Stopped by Arvid Soderblom with a rebound.
17:38 of 1st period - Trey Fix-Wolansky is hit by Zach Whitecloud and loses puck.
17:49 of 1st period - Snap shot by Jakub Vrana.
17:49 of 1st period - Stopped by Akira Schmid with a rebound.
17:51 of 1st period - Snap shot by Jakub Vrana.
17:51 of 1st period - Shot Blocked by Blake Lizotte.
17:53 of 1st period - Slapshot by Darren Raddysh.
17:53 of 1st period - Stopped by Akira Schmid with a rebound.
17:55 of 1st period - Snap shot by Samuel Blais.
17:55 of 1st period - Shot Misses the Net.
17:57 of 1st period - Wrist shot by Nick Abruzzese.
17:57 of 1st period - Stopped by Akira Schmid with a rebound.
17:59 of 1st period - Slapshot by Darren Raddysh.
17:59 of 1st period - Stopped by Akira Schmid without a rebound.
18:00 of 1st period - Nicklas Backstrom wins face-off versus Lias Andersson in Long Beach Ice Dogs zone.
18:51 of 1st period - Nick Abruzzese is hit by Trey Fix-Wolansky and loses puck.
19:07 of 1st period - Minor Penalty to Alexander Nylander for Holding.
19:08 of 1st period - Pavel Dorofeyev wins face-off versus Lias Andersson in Havana Tropicals zone.
19:32 of 1st period - Pavel Dorofeyev is hit by Arber Xhekaj and loses puck.
19:39 of 1st period - Wrist shot by Blake Lizotte.
19:39 of 1st period - Shot Blocked by Darren Raddysh.
19:53 of 1st period - Minor Penalty to William Lagesson for Tripping.
19:54 of 1st period - Aidan McDonough wins face-off versus Jimmy Vesey in Long Beach Ice Dogs zone.
Goals for this period are 1 for Long Beach Ice Dogs vs 2 for Havana Tropicals.
Shots for this period are 9 for Long Beach Ice Dogs vs 17 for Havana Tropicals.
2nd period
0:01 of 2nd period - Pavel Dorofeyev wins face-off versus Arshdeep Bains in neutral zone.
0:12 of 2nd period - Slapshot by Lias Andersson.
0:12 of 2nd period - Shot Blocked by Emil Bemstrom.
0:14 of 2nd period - Wrist shot by Arshdeep Bains.
0:14 of 2nd period - Stopped by Arvid Soderblom without a rebound.
0:15 of 2nd period - Nicklas Backstrom wins face-off versus Jimmy Vesey in Havana Tropicals zone.
0:26 of 2nd period - Wrist shot by Jimmy Vesey.
0:26 of 2nd period - Goal by Jimmy Vesey - Long Beach Ice Dogs : 2 - Havana Tropicals : 2.
0:27 of 2nd period - Arshdeep Bains wins face-off versus Pavel Dorofeyev in neutral zone.
0:30 of 2nd period - Matt Grzelcyk is hit by Arshdeep Bains and loses puck.
1:07 of 2nd period - Penalty to Alexander Nylander is over, Alexander Nylander is back on ice.
1:18 of 2nd period - Off-side.
1:19 of 2nd period - Nicklas Backstrom wins face-off versus Arshdeep Bains in neutral zone.
1:24 of 2nd period - Arshdeep Bains is hit by Alexander Nylander and loses puck.
1:44 of 2nd period - Off-side.
1:45 of 2nd period - Arshdeep Bains wins face-off versus Sam Gagner in neutral zone.
1:53 of 2nd period - Penalty to William Lagesson is over, William Lagesson is back on ice.
2:21 of 2nd period - Minor Penalty to Timothy Liljegren for Slashing.
2:22 of 2nd period - Lias Andersson wins face-off versus Pavel Dorofeyev in Havana Tropicals zone.
2:23 of 2nd period - Wrist shot by Arshdeep Bains.
2:23 of 2nd period - Goal by Arshdeep Bains - Long Beach Ice Dogs : 3 - Havana Tropicals : 2.
2:24 of 2nd period - Lias Andersson wins face-off versus Pavel Dorofeyev in neutral zone.
2:30 of 2nd period - Icing by Timothy Liljegren.
2:31 of 2nd period - Alexander Nylander wins face-off versus Tyler Tullio in Havana Tropicals zone.
2:36 of 2nd period - Wrist shot by Lias Andersson.
2:36 of 2nd period - Shot Blocked by Zach Whitecloud.
2:46 of 2nd period - Wrist shot by Arshdeep Bains.
2:46 of 2nd period - Shot Misses the Net.
2:52 of 2nd period - Lias Andersson is hit by Nicklas Backstrom and loses puck.
2:59 of 2nd period - Snap shot by Alexander Nylander.
2:59 of 2nd period - Shot Blocked by Arshdeep Bains.
3:01 of 2nd period - Wrist shot by Alexander Nylander.
3:01 of 2nd period - Goal by Alexander Nylander - Long Beach Ice Dogs : 3 - Havana Tropicals : 3.
3:02 of 2nd period - Trey Fix-Wolansky wins face-off versus Sam Gagner in neutral zone.
4:16 of 2nd period - Wrist shot by Emil Bemstrom.
4:16 of 2nd period - Stopped by Akira Schmid with a rebound.
4:18 of 2nd period - Snap shot by Emil Bemstrom.
4:18 of 2nd period - Stopped by Akira Schmid without a rebound.
4:19 of 2nd period - Trey Fix-Wolansky wins face-off versus Nicklas Backstrom in Long Beach Ice Dogs zone.
4:28 of 2nd period - Nicklas Backstrom is hit by Trey Fix-Wolansky and loses puck.
4:35 of 2nd period - Snap shot by Blake Lizotte.
4:35 of 2nd period - Stopped by Arvid Soderblom with a rebound.
4:46 of 2nd period - Off-side.
4:47 of 2nd period - Nick Abruzzese wins face-off versus Lias Andersson in neutral zone.
5:25 of 2nd period - Wrist shot by Lias Andersson.
5:25 of 2nd period - Shot Misses the Net.
5:27 of 2nd period - Slapshot by Lias Andersson.
5:27 of 2nd period - Deflect By Dennis Cholowski.
5:27 of 2nd period - Long Beach Ice Dogs goal is going for a video replay.
5:27 of 2nd period - The goal is refused. The puck has entered the net after making contact with an attacking player’s stick that is above the height of the crossbar..
5:28 of 2nd period - Samuel Poulin wins face-off versus Nick Abruzzese in Havana Tropicals zone.
5:39 of 2nd period - Snap shot by Samuel Blais.
5:39 of 2nd period - Stopped by Akira Schmid with a rebound.
5:53 of 2nd period - Alexander Nylander is hit by Trey Fix-Wolansky and loses puck.
6:42 of 2nd period - Snap shot by Jakub Vrana.
6:42 of 2nd period - Shot Misses the Net.
7:26 of 2nd period - Snap shot by Zach Aston-Reese.
7:26 of 2nd period - Stopped by Akira Schmid with a rebound.
7:40 of 2nd period - Wrist shot by Noah Philp.
7:40 of 2nd period - Shot Misses the Net.
7:43 of 2nd period - Icing by Jakub Vrana.
7:44 of 2nd period - Nick Abruzzese wins face-off versus Shane Bowers in Havana Tropicals zone.
8:12 of 2nd period - Snap shot by Marco Kasper.
8:12 of 2nd period - Shot Blocked by Zach Whitecloud.
8:14 of 2nd period - Slapshot by Leo Loof.
8:14 of 2nd period - Shot Blocked by Zach Whitecloud.
8:16 of 2nd period - Slapshot by Shane Bowers.
8:16 of 2nd period - Stopped by Arvid Soderblom with a rebound.
8:18 of 2nd period - Slapshot by Leo Loof.
8:18 of 2nd period - Stopped by Arvid Soderblom with a rebound.
8:32 of 2nd period - Snap shot by Noah Philp.
8:32 of 2nd period - Shot Misses the Net.
8:34 of 2nd period - Snap shot by Arber Xhekaj.
8:34 of 2nd period - Deflect By Jakub Vrana.
8:34 of 2nd period - Stopped by Arvid Soderblom without a rebound.
8:35 of 2nd period - Nicklas Backstrom wins face-off versus Blake Lizotte in Havana Tropicals zone.
8:35 of 2nd period - Nicklas Backstrom is hit by Blake Lizotte.
8:51 of 2nd period - Wrist shot by Jimmy Vesey.
8:51 of 2nd period - Stopped by Arvid Soderblom without a rebound.
8:52 of 2nd period - Sam Gagner wins face-off versus Jack Finley in Havana Tropicals zone.
9:04 of 2nd period - Off-side.
9:05 of 2nd period - Nicklas Backstrom wins face-off versus Blake Lizotte in neutral zone.
9:12 of 2nd period - Slapshot by Zach Whitecloud.
9:12 of 2nd period - Shot Misses the Net.
9:32 of 2nd period - Slapshot by Emil Bemstrom.
9:32 of 2nd period - Deflect By Sam Gagner.
9:32 of 2nd period - Stopped by Akira Schmid with a rebound.
9:34 of 2nd period - Slapshot by Matt Grzelcyk.
9:34 of 2nd period - Stopped by Akira Schmid with a rebound.
10:01 of 2nd period - Jakub Vrana is hit by William Lagesson and loses puck.
10:11 of 2nd period - Off-side.
10:12 of 2nd period - Blake Lizotte wins face-off versus Elmer Soderblom in neutral zone.
10:15 of 2nd period - Backhand shot by Alex Goligoski.
10:15 of 2nd period - Stopped by Arvid Soderblom with a rebound.
10:17 of 2nd period - Snap shot by Blake Lizotte.
10:17 of 2nd period - Deflect By Jimmy Vesey.
10:17 of 2nd period - Shot Blocked by Zach Whitecloud.
10:17 of 2nd period - Puck is out of play.
10:18 of 2nd period - Elmer Soderblom wins face-off versus Jack Finley in Havana Tropicals zone.
10:23 of 2nd period - Slapshot by Timothy Liljegren.
10:23 of 2nd period - Shot Blocked by Alex Goligoski.
10:44 of 2nd period - Off-side.
10:45 of 2nd period - Blake Lizotte wins face-off versus Sam Gagner in neutral zone.
10:52 of 2nd period - Snap shot by Blake Lizotte.
10:52 of 2nd period - Shot Misses the Net.
11:10 of 2nd period - Tyler Tullio is hit by Matt Grzelcyk.
11:25 of 2nd period - Minor Penalty to Matt Grzelcyk for Hooking.
11:26 of 2nd period - Pavel Dorofeyev wins face-off versus Lias Andersson in Havana Tropicals zone.
13:25 of 2nd period - Penalty to Matt Grzelcyk is over, Matt Grzelcyk is back on ice.
13:42 of 2nd period - Snap shot by Nick Abruzzese.
13:42 of 2nd period - Shot Misses the Net.
13:50 of 2nd period - Minor Penalty to Matej Blumel for Cross-checking.
13:51 of 2nd period - Sam Gagner wins face-off versus Arshdeep Bains in Long Beach Ice Dogs zone.
14:16 of 2nd period - Zach Whitecloud is hit by Blake Lizotte and loses puck.
15:48 of 2nd period - Alexander Nylander is hit by Shane Bowers and loses puck.
15:50 of 2nd period - Penalty to Matej Blumel is over, Matej Blumel is back on ice.
15:53 of 2nd period - Wrist shot by Matej Blumel.
15:53 of 2nd period - Stopped by Arvid Soderblom without a rebound.
15:54 of 2nd period - Jack Finley wins face-off versus Nick Abruzzese in Havana Tropicals zone.
15:59 of 2nd period - Snap shot by Jack Finley.
15:59 of 2nd period - Deflect By Matej Blumel.
15:59 of 2nd period - Shot Blocked by Timothy Liljegren.
15:59 of 2nd period - Puck is out of play.
16:00 of 2nd period - Nick Abruzzese wins face-off versus Jack Finley in Havana Tropicals zone.
16:10 of 2nd period - Snap shot by Jack Finley.
16:10 of 2nd period - Shot Blocked by Zach Whitecloud.
16:12 of 2nd period - Snap shot by Matej Blumel.
16:12 of 2nd period - Stopped by Arvid Soderblom without a rebound.
16:13 of 2nd period - Nicklas Backstrom wins face-off versus Blake Lizotte in Havana Tropicals zone.
16:18 of 2nd period - Snap shot by Blake Lizotte.
16:18 of 2nd period - Stopped by Arvid Soderblom with a rebound.
16:34 of 2nd period - Minor Penalty to Yan Kuznetsov for Slashing.
16:35 of 2nd period - Nicklas Backstrom wins face-off versus Jimmy Vesey in Long Beach Ice Dogs zone.
16:42 of 2nd period - Slapshot by Pavel Dorofeyev.
16:42 of 2nd period - Goal by Pavel Dorofeyev - Long Beach Ice Dogs : 3 - Havana Tropicals : 4.
16:43 of 2nd period - Lias Andersson wins face-off versus Nicklas Backstrom in neutral zone.
16:54 of 2nd period - Slapshot by Lias Andersson.
16:54 of 2nd period - Stopped by Arvid Soderblom with a rebound.
16:56 of 2nd period - Wrist shot by Lias Andersson.
16:56 of 2nd period - Shot Blocked by Zach Whitecloud.
17:08 of 2nd period - Alex Goligoski is hit by Emil Bemstrom and loses puck.
17:17 of 2nd period - Timothy Liljegren is hit by Jimmy Vesey and loses puck.
17:27 of 2nd period - Off-side.
17:28 of 2nd period - Nick Abruzzese wins face-off versus Jack Finley in neutral zone.
17:30 of 2nd period - Off-side.
17:31 of 2nd period - Nick Abruzzese wins face-off versus Jack Finley in neutral zone.
18:07 of 2nd period - Lias Andersson is hit by Nicklas Backstrom and loses puck.
18:26 of 2nd period - Snap shot by Sam Gagner.
18:26 of 2nd period - Shot Misses the Net.
19:17 of 2nd period - Slapshot by Timothy Liljegren.
19:17 of 2nd period - Stopped by Akira Schmid with a rebound.
19:19 of 2nd period - Slapshot by Timothy Liljegren.
19:19 of 2nd period - Shot Blocked by Alex Goligoski.
19:21 of 2nd period - Snap shot by Sam Gagner.
19:21 of 2nd period - Shot Blocked by Alex Goligoski.
19:25 of 2nd period - Wrist shot by Emil Bemstrom.
19:25 of 2nd period - Shot Misses the Net.
Goals for this period are 2 for Long Beach Ice Dogs vs 2 for Havana Tropicals.
Shots for this period are 14 for Long Beach Ice Dogs vs 9 for Havana Tropicals.
3rd period
0:01 of 3rd period - Nicklas Backstrom wins face-off versus Lias Andersson in neutral zone.
0:14 of 3rd period - Pavel Dorofeyev is hit by Lias Andersson and loses puck.
0:25 of 3rd period - Yan Kuznetsov is hit by Emil Bemstrom and loses puck.
0:48 of 3rd period - Snap shot by Jakub Vrana.
0:48 of 3rd period - Deflect By Samuel Poulin.
0:48 of 3rd period - Goal by Jakub Vrana - Long Beach Ice Dogs : 3 - Havana Tropicals : 5.
0:49 of 3rd period - Nicklas Backstrom wins face-off versus Lias Andersson in neutral zone.
1:00 of 3rd period - Minor Penalty to Nicklas Backstrom for Tripping.
1:01 of 3rd period - Blake Lizotte wins face-off versus Pavel Dorofeyev in Havana Tropicals zone.
2:04 of 3rd period - Trey Fix-Wolansky is hit by Pavel Dorofeyev and loses puck.
3:00 of 3rd period - Penalty to Nicklas Backstrom is over, Nicklas Backstrom is back on ice.
3:24 of 3rd period - Wrist shot by Alexander Nylander.
3:24 of 3rd period - Stopped by Akira Schmid with a rebound.
3:26 of 3rd period - Slapshot by Matt Grzelcyk.
3:26 of 3rd period - Deflect By Sasha Pastujov.
3:26 of 3rd period - Shot Misses the Net.
3:26 of 3rd period - Puck is out of play.
3:27 of 3rd period - Jack Finley wins face-off versus Elmer Soderblom in Long Beach Ice Dogs zone.
3:58 of 3rd period - Emil Bemstrom is hit by Arber Xhekaj.
4:35 of 3rd period - Off-side.
4:36 of 3rd period - Blake Lizotte wins face-off versus Elmer Soderblom in neutral zone.
5:11 of 3rd period - Slapshot by Darren Raddysh.
5:11 of 3rd period - Stopped by Akira Schmid with a rebound.
5:27 of 3rd period - Wrist shot by Emil Bemstrom.
5:27 of 3rd period - Deflect By Sam Gagner.
5:27 of 3rd period - Stopped by Akira Schmid without a rebound.
5:28 of 3rd period - Blake Lizotte wins face-off versus Sam Gagner in Long Beach Ice Dogs zone.
5:35 of 3rd period - Snap shot by Alex Goligoski.
5:35 of 3rd period - Shot Blocked by Timothy Liljegren.
5:43 of 3rd period - Wrist shot by Emil Bemstrom.
5:43 of 3rd period - Shot Misses the Net.
5:45 of 3rd period - Snap shot by Timothy Liljegren.
5:45 of 3rd period - Stopped by Akira Schmid with a rebound.
5:47 of 3rd period - Slapshot by Timothy Liljegren.
5:47 of 3rd period - Deflect By Emil Bemstrom.
5:47 of 3rd period - Stopped by Akira Schmid without a rebound.
5:48 of 3rd period - Nick Abruzzese wins face-off versus Lias Andersson in Long Beach Ice Dogs zone.
6:34 of 3rd period - Icing by William Lagesson.
6:35 of 3rd period - Nicklas Backstrom wins face-off versus Jack Finley in Long Beach Ice Dogs zone.
6:51 of 3rd period - Snap shot by Matej Blumel.
6:51 of 3rd period - Shot Misses the Net.
7:09 of 3rd period - Snap shot by Arshdeep Bains.
7:09 of 3rd period - Shot Misses the Net.
7:11 of 3rd period - Slapshot by Arshdeep Bains.
7:11 of 3rd period - Stopped by Arvid Soderblom without a rebound.
7:12 of 3rd period - Blake Lizotte wins face-off versus Sam Gagner in Havana Tropicals zone.
7:18 of 3rd period - Minor Penalty to Zach Aston-Reese for Cross-checking.
7:19 of 3rd period - Pavel Dorofeyev wins face-off versus Lias Andersson in Havana Tropicals zone.
7:29 of 3rd period - Wrist shot by Emil Bemstrom.
7:29 of 3rd period - Stopped by Akira Schmid with a rebound.
9:18 of 3rd period - Penalty to Zach Aston-Reese is over, Zach Aston-Reese is back on ice.
9:44 of 3rd period - Wrist shot by Samuel Poulin.
9:44 of 3rd period - Deflect By Marco Kasper.
9:44 of 3rd period - Stopped by Arvid Soderblom without a rebound.
9:45 of 3rd period - Samuel Poulin wins face-off versus Elmer Soderblom in Havana Tropicals zone.
9:46 of 3rd period - Slapshot by Noah Philp.
9:46 of 3rd period - Stopped by Arvid Soderblom without a rebound.
9:47 of 3rd period - Samuel Poulin wins face-off versus Elmer Soderblom in Havana Tropicals zone.
9:58 of 3rd period - Wrist shot by Samuel Poulin.
9:58 of 3rd period - Deflect By Noah Philp.
9:58 of 3rd period - Stopped by Arvid Soderblom without a rebound.
9:59 of 3rd period - Sam Gagner wins face-off versus Blake Lizotte in Havana Tropicals zone.
9:59 of 3rd period - Sam Gagner is hit by Jimmy Vesey.
10:05 of 3rd period - Trey Fix-Wolansky is hit by Sam Gagner.
11:08 of 3rd period - Off-side.
11:09 of 3rd period - Nick Abruzzese wins face-off versus Blake Lizotte in neutral zone.
11:16 of 3rd period - Wrist shot by Jakub Vrana.
11:16 of 3rd period - Stopped by Akira Schmid without a rebound.
11:17 of 3rd period - Nicklas Backstrom wins face-off versus Blake Lizotte in Long Beach Ice Dogs zone.
11:28 of 3rd period - Wrist shot by Blake Lizotte.
11:28 of 3rd period - Stopped by Arvid Soderblom with a rebound.
11:30 of 3rd period - Snap shot by Trey Fix-Wolansky.
11:30 of 3rd period - Stopped by Arvid Soderblom without a rebound.
11:31 of 3rd period - Sam Gagner wins face-off versus Tyler Tullio in Havana Tropicals zone.
11:42 of 3rd period - Snap shot by Emil Bemstrom.
11:42 of 3rd period - Shot Misses the Net.
11:44 of 3rd period - Backhand shot by Sam Gagner.
11:44 of 3rd period - Shot Misses the Net.
11:46 of 3rd period - Slapshot by Zach Whitecloud.
11:46 of 3rd period - Deflect By Emil Bemstrom.
11:46 of 3rd period - Stopped by Akira Schmid without a rebound.
11:47 of 3rd period - Nicklas Backstrom wins face-off versus Trey Fix-Wolansky in Long Beach Ice Dogs zone.
11:54 of 3rd period - Slapshot by Alexander Nylander.
11:54 of 3rd period - Stopped by Akira Schmid with a rebound.
11:56 of 3rd period - Snap shot by Pavel Dorofeyev.
11:56 of 3rd period - Stopped by Akira Schmid with a rebound.
11:58 of 3rd period - Slapshot by Alexander Nylander.
11:58 of 3rd period - Stopped by Akira Schmid with a rebound.
12:00 of 3rd period - Slapshot by Zach Whitecloud.
12:00 of 3rd period - Stopped by Akira Schmid with a rebound.
12:02 of 3rd period - Slapshot by Zach Whitecloud.
12:02 of 3rd period - Stopped by Akira Schmid with a rebound.
12:32 of 3rd period - Icing by Arber Xhekaj.
12:33 of 3rd period - Jack Finley wins face-off versus Nick Abruzzese in Long Beach Ice Dogs zone.
12:38 of 3rd period - Slapshot by Alex Goligoski.
12:38 of 3rd period - Stopped by Arvid Soderblom with a rebound.
12:40 of 3rd period - Wrist shot by Jack Finley.
12:40 of 3rd period - Stopped by Arvid Soderblom without a rebound.
12:41 of 3rd period - Nicklas Backstrom wins face-off versus Trey Fix-Wolansky in Havana Tropicals zone.
12:52 of 3rd period - Wrist shot by Trey Fix-Wolansky.
12:52 of 3rd period - Shot Misses the Net.
12:54 of 3rd period - Wrist shot by Jimmy Vesey.
12:54 of 3rd period - Shot Misses the Net.
12:56 of 3rd period - Snap shot by Trey Fix-Wolansky.
12:56 of 3rd period - Stopped by Arvid Soderblom without a rebound.
12:57 of 3rd period - Sam Gagner wins face-off versus Lias Andersson in Havana Tropicals zone.
13:43 of 3rd period - Wrist shot by Matt Grzelcyk.
13:43 of 3rd period - Stopped by Akira Schmid with a rebound.
13:45 of 3rd period - Snap shot by Nick Abruzzese.
13:45 of 3rd period - Goal by Nick Abruzzese - Long Beach Ice Dogs : 3 - Havana Tropicals : 6.
13:46 of 3rd period - Alexander Nylander wins face-off versus Lias Andersson in neutral zone.
13:51 of 3rd period - Wrist shot by Alexander Nylander.
13:51 of 3rd period - Shot Misses the Net.
14:13 of 3rd period - Sam Gagner is hit by Antti Tuomisto and loses puck.
15:01 of 3rd period - Slapshot by Arshdeep Bains.
15:01 of 3rd period - Stopped by Arvid Soderblom with a rebound.
15:05 of 3rd period - Wrist shot by Lias Andersson.
15:05 of 3rd period - Shot Misses the Net.
15:07 of 3rd period - Slapshot by Arber Xhekaj.
15:07 of 3rd period - Deflect By Alexander Nylander.
15:07 of 3rd period - Stopped by Arvid Soderblom without a rebound.
15:08 of 3rd period - Blake Lizotte wins face-off versus Sam Gagner in Havana Tropicals zone.
15:08 of 3rd period - Dennis Cholowski and Yan Kuznetsov fight to a draw.
15:08 of 3rd period - Penalty to Dennis Cholowski for Fighting.
15:08 of 3rd period - Penalty to Yan Kuznetsov for Fighting.
15:09 of 3rd period - Nicklas Backstrom wins face-off versus Blake Lizotte in Havana Tropicals zone.
15:22 of 3rd period - Backhand shot by Pavel Dorofeyev.
15:22 of 3rd period - Shot Misses the Net.
15:24 of 3rd period - Slapshot by Mattias Norlinder.
15:24 of 3rd period - Deflect By Alexander Nylander.
15:24 of 3rd period - Stopped by Akira Schmid with a rebound.
15:46 of 3rd period - Icing by Antti Tuomisto.
15:47 of 3rd period - Nicklas Backstrom wins face-off versus Lias Andersson in Long Beach Ice Dogs zone.
16:16 of 3rd period - Backhand shot by Lias Andersson.
16:16 of 3rd period - Stopped by Arvid Soderblom with a rebound.
16:21 of 3rd period - Off-side.
16:22 of 3rd period - Nicklas Backstrom wins face-off versus Blake Lizotte in neutral zone.
16:31 of 3rd period - Wrist shot by Blake Lizotte.
16:31 of 3rd period - Goal by Blake Lizotte - Long Beach Ice Dogs : 4 - Havana Tropicals : 6.
16:32 of 3rd period - Nick Abruzzese wins face-off versus Samuel Poulin in neutral zone.
16:57 of 3rd period - Trey Fix-Wolansky is hit by Alexander Nylander.
17:07 of 3rd period - Wrist shot by Trey Fix-Wolansky.
17:07 of 3rd period - Goal by Trey Fix-Wolansky - Long Beach Ice Dogs : 5 - Havana Tropicals : 6.
17:08 of 3rd period - Jack Finley wins face-off versus Samuel Blais in neutral zone.
17:13 of 3rd period - Slapshot by Samuel Poulin.
17:13 of 3rd period - Shot Blocked by Mattias Norlinder.
17:15 of 3rd period - Wrist shot by Antti Tuomisto.
17:15 of 3rd period - Shot Misses the Net.
17:17 of 3rd period - Slapshot by Antti Tuomisto.
17:17 of 3rd period - Deflect By Jakub Vrana.
17:17 of 3rd period - Stopped by Arvid Soderblom without a rebound.
17:18 of 3rd period - Jack Finley wins face-off versus Nick Abruzzese in Havana Tropicals zone.
17:30 of 3rd period - Wrist shot by Samuel Poulin.
17:30 of 3rd period - Stopped by Arvid Soderblom with a rebound.
17:46 of 3rd period - Wrist shot by Matej Blumel.
17:46 of 3rd period - Shot Blocked by Darren Raddysh.
17:48 of 3rd period - Slapshot by Matej Blumel.
17:48 of 3rd period - Shot Blocked by Samuel Blais.
18:11 of 3rd period - Slapshot by Matej Blumel.
18:11 of 3rd period - Shot Hit the Post.
18:17 of 3rd period - Wrist shot by Matej Blumel.
18:17 of 3rd period - Shot Misses the Net.
18:19 of 3rd period - Snap shot by Samuel Poulin.
18:19 of 3rd period - Stopped by Arvid Soderblom with a rebound.
18:21 of 3rd period - Wrist shot by Samuel Poulin.
18:21 of 3rd period - Stopped by Arvid Soderblom with a rebound.
18:23 of 3rd period - Slapshot by Matej Blumel.
18:23 of 3rd period - Stopped by Arvid Soderblom with a rebound.
18:31 of 3rd period - Long Beach Ice Dogs, Akira Schmid is pulled from the net.
18:41 of 3rd period - Backhand shot by Jack Finley.
18:41 of 3rd period - Shot Blocked by Nick Abruzzese.
18:43 of 3rd period - Slapshot by Antti Tuomisto.
18:43 of 3rd period - Deflect By Samuel Blais.
18:43 of 3rd period - Stopped by Arvid Soderblom with a rebound.
18:45 of 3rd period - Slapshot by Leo Loof.
18:45 of 3rd period - Stopped by Arvid Soderblom with a rebound.
18:47 of 3rd period - Slapshot by Leo Loof.
18:47 of 3rd period - Stopped by Arvid Soderblom without a rebound.
18:48 of 3rd period - Jay Woodcroft call a timeout for Long Beach Ice Dogs.
18:48 of 3rd period - Nicklas Backstrom wins face-off versus Blake Lizotte in Havana Tropicals zone.
18:48 of 3rd period - Nicklas Backstrom is hit by Jimmy Vesey.
18:51 of 3rd period - Minor Penalty to Nicklas Backstrom for High sticking.
18:52 of 3rd period - Lias Andersson wins face-off versus Pavel Dorofeyev in Havana Tropicals zone.
18:54 of 3rd period - Snap shot by Arshdeep Bains.
18:54 of 3rd period - Shot Misses the Net.
18:56 of 3rd period - Snap shot by Arshdeep Bains.
18:56 of 3rd period - Shot Blocked by Zach Whitecloud.
18:58 of 3rd period - Slapshot by William Lagesson.
18:58 of 3rd period - Shot Misses the Net.
19:00 of 3rd period - Slapshot by Antti Tuomisto.
19:00 of 3rd period - Shot Blocked by Zach Whitecloud.
19:02 of 3rd period - Slapshot by Antti Tuomisto.
19:02 of 3rd period - Stopped by Arvid Soderblom without a rebound.
19:03 of 3rd period - Pavel Dorofeyev wins face-off versus Blake Lizotte in Havana Tropicals zone.
19:14 of 3rd period - Jakub Vrana is hit by Trey Fix-Wolansky and loses puck.
19:29 of 3rd period - Tyler Tullio is hit by Matt Grzelcyk and loses puck.
Goals for this period are 2 for Long Beach Ice Dogs vs 2 for Havana Tropicals.
Shots for this period are 23 for Long Beach Ice Dogs vs 17 for Havana Tropicals.
Back to the Top